 Dungeon Crawl Stone Soup version 0.31.0-10-gcf4a605ca0 (webtiles) character file.

Game seed: 10472265333769379611

20312 PaiMei the Artisan of Death (level 12, -16/68 HPs)
             Began as a Demonspawn Necromancer on Jan 25, 2024.
             Was a Priest of Kikubaaqudgha.
             Killed from afar by a red draconian scorcher (35 damage)
             ... with damnation
             ... on level 2 of the Abyss.
             The game lasted 00:26:56 (18776 turns).

PaiMei the Artisan of Death (DsNe)                 Turns: 18776, Time: 00:26:56

Health: -16/68     AC: 18    Str:  5    XL:     12   Next: 44%
Magic:  20/20      EV: 12    Int: 17    God:    Kikubaaqudgha [***...]
Gold:   900        SH:  5    Dex:  9    Spells: 8/30 levels left

rFire   + . .        w - +2 short sword (protect)
rCold   x x .        (no shield)
rNeg    . . .        M - +0 acid dragon scales
rPois   .            G - +1 helmet
rElec   .            d - +0 cloak
rCorr   +            (no gloves)
SInv    .            L - +0 pair of boots
Will    .....        o - amulet of reflection
Stlth   +            j - +4 ring of protection
HPRegen 0.31/turn    R - ring of wizardry
MPRegen 0.17/turn

%: reflection, wizardry (x1)
@: no status effects
A: molten scales 3, spiny 2, weakness stinger 1, [clumsy 2], [deterioration 2],
[dopey 2], [frail 3], [low MP 2], [weak 2], [cold vulnerability 2], [subdued
magic 3], [persistent drain]
a: Renounce Religion, Unearth Wretches


You were on level 2 of the Abyss.
You worshipped Kikubaaqudgha.
Kikubaaqudgha was most pleased with you.
You visited 3 branches of the dungeon, and saw 12 of its levels.
You visited the Abyss 1 time.
You also visited: Bailey and Volcano.

You collected 900 gold pieces.

Inventory:

Hand Weapons
 w - a +2 short sword of protection (weapon)
 E - a +4 mace
Missiles
 e - 29 poisoned darts
 s - 8 atropa-tipped darts (quivered)
 A - 4 throwing nets
 C - 2 darts of dispersal
Armour
 d - a +0 cloak (worn)
 v - an orb of guile
 G - a +1 helmet (worn)
 L - a +0 pair of boots (worn)
 M - +0 acid dragon scales (worn)
Jewellery
 j - a +4 ring of protection (left hand)
 l - a ring of see invisible
 m - a ring of positive energy
 o - an amulet of reflection (around neck)
 u - a ring of flight
 F - a ring of positive energy
 K - an amulet of faith
 R - a ring of wizardry (right hand)
 S - a ring of resist corrosion
 T - an amulet of regeneration
Wands
 x - a wand of quicksilver (9)
 I - a wand of paralysis (6)
 U - a wand of iceblast (5)
Scrolls
 c - a scroll of amnesia {unknown}
 f - 2 scrolls of blinking
 g - 3 scrolls of fog
 q - 7 scrolls of teleportation
 t - 4 scrolls of vulnerability
 y - 3 scrolls of poison
 z - 2 scrolls of enchant armour
 B - 2 scrolls of revelation {unknown}
 J - a scroll of noise {unknown}
 N - a scroll of enchant weapon {unknown}
Potions
 a - 2 potions of brilliance {unknown}
 b - 5 potions of magic
 h - 3 potions of lignification
 i - 3 potions of attraction
 k - a potion of ambrosia {unknown}
 n - 12 potions of curing
 p - 2 potions of heal wounds
 r - a potion of invisibility {unknown}
 D - a potion of berserk rage {unknown}
 H - a potion of might {unknown}
 Q - a potion of mutation {unknown}
Miscellaneous
 O - a lightning rod (4/4)
 P - a phantom mirror


   Skills:
 + Level 10.4 Fighting
 + Level 9.9 Dodging
 - Level 2.2 Stealth
 + Level 9.9 Spellcasting
 + Level 12.3 Necromancy


You had 8 spell levels left.
You knew the following spells:

 Your Spells              Type           Power      Damage    Failure   Level
a - Necrotise             Necr           100%       1d9       0%          1
b - Vampiric Draining     Necr           26%        2d7       1%          3
c - Animate Dead          Necr           26%        N/A       1%          4
d - Curse of Agony        Necr           26%        N/A       1%          5
e - Dispel Undead         Necr           26%        3d13      1%          4
f - Borgnjor's Vile Clut  Necr/Erth      7%         N/A       11%         5

Your spell library contained the following spells:

 Spells                   Type           Power      Damage    Failure   Level
 Sublimation of Blood     Necr           26%        N/A       0%          2
 Kiss of Death            Conj/Necr      60%        2d10      1%          1
 Cigotuvi's Dreadful Rot  Necr/Alch/Air  22%        N/A       1%          2
 Martyr's Knell           Necr/Summ      15%        N/A       3%          4
 Freeze                   Ice            16%        1d4       4%          1
 Slow                     Hex            16%        N/A       4%          1
 Death Channel            Necr           13%        N/A       4%          6
 Scorch                   Fire           8%         2d5       7%          2
 Call Canine Familiar     Summ           4%         N/A       16%         3
 Confusing Touch          Hex            4%         N/A       16%         3
 Frozen Ramparts          Ice            8%         1d2       16%         3
 Hailstorm                Conj/Ice       4%         3d5       16%         3
 Sigil of Binding         Hex            4%         N/A       16%         3
 Dimensional Bullseye     Hex/Tloc       2%         N/A       45%         4
 Flame Wave               Conj/Fire      4%         2d5       45%         4
 Arcjolt                  Conj/Air       2%         1d12      82%         5
 Summon Cactus Giant      Summ           2%         N/A       100%        6
 Malign Gateway           Summ/Tloc      2%         N/A       100%        7
 Summon Horrible Things   Summ           2%         N/A       100%        8


Dungeon Overview and Level Annotations

Branches:
Dungeon (9/15)             Temple (1/1) D:6            Lair (2/5) D:9
 Bailey (visited)         Volcano (visited)
  Swamp: Lair:2-3    Shoals: Lair:2-3     Snake: Lair:2-3    Spider: Lair:2-3
    Orc: D:9-12

Altars:
Ashenzari
Cheibriados
Dithmenos
Fedhas
Gozag
Hepliaklqana
Kikubaaqudgha
Makhleb
Nemelex Xobeh
Okawaru
Ru
Sif Muna
Trog
Vehumet
Wu Jian
Xom
Yredelemnul

Shops:
D:9 (


Innate Abilities, Weirdness & Mutations

You are completely covered in molten scales. (AC +4, rF+)
You are mostly covered in sharp spines.
You have a small tail.
[You are very clumsy. (Dex -4)]
[Your body often deteriorates upon taking damage.]
[You are very dopey. (Int -4)]
[You are extremely frail. (-30% HP)]
[Your magical capacity is very low. (-20% MP)]
[You are very weak. (Str -4)]
[You are very vulnerable to cold. (rC--)]
[Your spells are much easier to cast, but much less powerful.]
[Your health recovers twice as slowly from being drained.]


Message History

The wretched star pulses with an eldritch light!
You feel stupid. x2; You feel yourself wasting away.
You feel your body start to fall apart.
Your reaping aura expires.
The wretched star pulses with an eldritch light!
Your connection to magic feels subdued.
Your connection to magic feels more subdued.
The starcursed mass shrieks in your mind.
* * * LOW HITPOINT WARNING * * *
The wretched star pulses with an eldritch light!
You begin to recover more slowly from draining effects.
You feel much better.
The wretched star pulses with an eldritch light!
You feel clumsy. x2
The starcursed mass shrieks in your mind.
* * * LOW HITPOINT WARNING * * *
An orange demon comes into view.
The wretched star pulses with an eldritch light!
You feel frail. x2
The wretched star pulses with an eldritch light!
You feel less energetic. x2
Your connection to magic feels nearly dormant.
A chorus of shrieks assaults your mind.
* * * LOW HITPOINT WARNING * * *
The wretched star pulses with an eldritch light!
You feel weaker. x2
A chorus of shrieks assaults your mind.
* * * LOW HITPOINT WARNING * * *
The wretched star pulses with an eldritch light!
You feel vulnerable to cold. x2
A basilisk comes into view.
A red draconian scorcher comes into view.
It is wielding a +0 whip.
The red draconian scorcher roars!
The wretched star pulses with an eldritch light!
You feel frail.
The red draconian scorcher casts a spell at you.
The sphere of damnation explodes!
The damnation engulfs you!!
Ouch! That really hurt!
You die...
Kikubaaqudgha rasps: "You have failed me!
Welcome... death!"

#.. # .. .##.#
#...####
#......# ##
#......
#q#..#...#
#....@#
#.........#
#..#.#.##..*..#
# # #. .###4.
#. . .# ## #


You could see a red draconian scorcher, a wretched star and an orange demon.

Vanquished Creatures
  A hydra (D:9)
  A centaur warrior (D:9)
  2 boulder beetles
  A two-headed ogre (D:9)
  3 death yaks (D:8)
  A lindwurm (Lair:2)
  An orc sorcerer (Volcano)
  2 ugly things (D:9)
  A toenail golem (Volcano)
  4 black mambas (Lair:1)
  A kobold demonologist (D:9)
  An efreet (D:9)
  A cane toad (Lair:1)
  A rime drake (Lair:1)
  A hornet (D:7)
  8 blink frogs
  Sigmund (D:2)
  2 wraiths (D:9)
  A wyvern (D:9)
  5 humans (Volcano)
  17 yaks
  A basilisk (Lair:1)
  A steam dragon (D:9)
  3 water moccasins
  An acid dragon (D:8)
  3 orc warriors
  2 sky beasts
  2 black bears
  2 ogres
  14 wolves
  2 centaurs
  A kobold brigand (D:9)
  3 gnoll sergeants (Bailey)
  10 bullfrogs
  3 scorpions
  A small abomination (Abyss:2)
  3 wights (D:6)
  12 killer bees (D:8)
  3 bombardier beetles (D:5)
  A howler monkey (D:6)
  An iron imp (Abyss:2)
  4 jellies
  5 gnoll boudas
  An orc priest (D:5)
  4 hounds
  3 sleepcaps
  3 hell rats (D:9)
  7 iguanas
  3 orc wizards
  Robin (D:2)
  17 gnolls
  9 adders
  A river rat (D:9)
  2 shadow imps
  4 white imps
  2 ufetubi
  3 dart slugs
  3 ribbon worms
  30 orcs
  12 bats
  6 endoplasms
  A giant cockroach (D:1)
  18 goblins
  6 hobgoblins
  3 jackals (D:3)
  7 quokkas
  7 ball pythons
  A frilled lizard (D:2)
  8 kobolds
  8 rats
304 creatures vanquished.

Vanquished Creatures (collateral kills)
  An orc (D:8)
  2 ball pythons (D:1)
  An endoplasm (D:1)
  A hobgoblin (D:1)
  A frilled lizard (D:3)
  A rat (D:3)
7 creatures vanquished.

Vanquished Creatures (others)
  A sky beast zombie (Abyss:2)
1 creature vanquished.

Grand Total: 312 creatures vanquished

Notes
Turn   | Place    | Note
-------+----------+-------------------------------------------
     0 | D:1      | PaiMei the Demonspawn Necromancer began the quest for the
                  | Orb.
     0 | D:1      | Reached XP level 1. HP: 13/13 MP: 3/3
   172 | D:1      | Gained mutation: You are partially covered in molten
                  | scales. (AC +2) [demonic ancestry]
   172 | D:1      | Reached XP level 2. HP: 19/19 MP: 1/5
   648 | D:1      | Gained mutation: You are partially covered in sharp spines.
                  | [demonic ancestry]
   648 | D:1      | Reached XP level 3. HP: 21/24 MP: 2/6
   800 | D:1      | Learned a level 3 spell: Vampiric Draining
  1386 | D:2      | Noticed Sigmund
  1727 | D:2      | Gained mutation: You are mostly covered in sharp spines.
                  | [demonic ancestry]
  1727 | D:2      | Reached XP level 4. HP: 31/31 MP: 0/7
  1795 | D:2      | Noticed Robin
  1802 | D:2      | Reached skill level 1 in Fighting
  1809 | D:2      | Killed Robin
  1810 | D:2      | Reached skill level 5 in Necromancy
  2061 | D:2      | Killed Sigmund
  2062 | D:2      | Reached XP level 5. HP: 35/38 MP: 3/9
  2634 | D:2      | Gained mutation: You are mostly covered in molten scales.
                  | (AC +3) [demonic ancestry]
  2634 | D:2      | Reached XP level 6. HP: 44/44 MP: 8/10
  2822 | D:3      | Identified the +7 dagger "Idaogos" {antimagic, rF+ rN+}
  3486 | D:3      | Found a hazy altar of Hepliaklqana.
  4555 | D:4      | Reached skill level 6 in Necromancy
  4555 | D:4      | Reached XP level 7. HP: 52/52 MP: 8/12
  5013 | D:5      | Entered Level 5 of the Dungeon
  6164 | D:5      | Found a shimmering altar of Xom.
  6170 | D:5      | Gained mutation: You are completely covered in molten
                  | scales. (AC +4, rF+) [demonic ancestry]
  6170 | D:5      | Reached XP level 8. HP: 60/60 MP: 10/14
  6690 | D:6      | Found a staircase to the Ecumenical Temple.
  6696 | Temple   | Entered the Ecumenical Temple
  6718 | Temple   | Learned a level 4 spell: Animate Dead
  6718 | Temple   | Became a worshipper of Kikubaaqudgha
  6780 | D:6      | Reached skill level 7 in Necromancy
  6833 | D:6      | Reached skill level 5 in Dodging
  6833 | D:6      | Reached skill level 5 in Spellcasting
  7309 | D:6      | Found Cefep's Assorted Antiques.
  7491 | D:6      | Reached skill level 5 in Fighting
  8383 | D:7      | Reached XP level 9. HP: 68/68 MP: 3/17
  8497 | D:7      | Reached skill level 8 in Necromancy
  8655 | D:7      | Found a sacrificial altar of Ru.
  8744 | D:7      | Found a snail-covered altar of Cheibriados.
  9261 | D:7      | Reached * piety under Kikubaaqudgha
  9261 | D:7      | Received a gift from Kikubaaqudgha
  9423 | D:7      | Learned a level 5 spell: Curse of Agony
 10650 | D:9      | Noticed a death yak
 10868 | D:9      | Found Qooseuw's Weapon Boutique.
 11074 | D:9      | Found a flagged portal.
 11116 | D:9      | Reached skill level 9 in Necromancy
 11158 | D:9      | Reached XP level 10. HP: 75/77 MP: 1/20
 11219 | D:9      | Reached ** piety under Kikubaaqudgha
 11287 | Bailey   | Entered a bailey
 12643 | D:9      | Noticed a five-headed hydra
 12643 | D:9      | Noticed a purple ugly thing
 12659 | D:9      | Killed a five-headed hydra
 12671 | D:9      | Killed a purple ugly thing
 12672 | D:9      | Reached skill level 10 in Necromancy
 12987 | D:9      | Noticed a centaur warrior
 12996 | D:9      | Killed a centaur warrior
 13167 | D:9      | Noticed a boulder beetle
 13239 | D:9      | Killed a boulder beetle
 13240 | D:9      | Gained mutation: You have a small tail. [demonic ancestry]
 13240 | D:9      | Reached XP level 11. HP: 58/87 MP: 0/23
 13407 | D:9      | Noticed a white ugly thing
 13412 | D:9      | Killed a white ugly thing
 13493 | D:9      | Got Igrod's Papyrus of Posthumous Voltage
 13627 | D:9      | Noticed a two-headed ogre
 13640 | D:9      | Killed a two-headed ogre
 13928 | D:9      | Noticed a death yak
 13928 | D:9      | Noticed a death yak
 14190 | D:9      | Found a staircase to the Lair.
 14512 | D:8      | Killed a death yak
 14512 | D:8      | Reached *** piety under Kikubaaqudgha
 14512 | D:8      | Received a gift from Kikubaaqudgha
 14737 | D:8      | Learned a level 4 spell: Dispel Undead
 15005 | D:8      | Killed a death yak
 15006 | D:8      | Reached skill level 11 in Necromancy
 15196 | D:8      | Killed a death yak
 15639 | Lair:1   | Entered Level 1 of the Lair of Beasts
 16515 | Lair:1   | Learned a level 5 spell: Borgnjor's Vile Clutch
 16890 | Lair:1   | Noticed a boulder beetle
 16932 | Lair:1   | Killed a boulder beetle
 17078 | Lair:1   | Reached XP level 12. HP: 86/97 MP: 11/25
 17528 | Lair:1   | Reached skill level 10 in Fighting
 17776 | Lair:2   | Reached skill level 12 in Necromancy
 18116 | Lair:2   | Found a dark tunnel.
 18260 | Volcano  | Entered a volcano
 18273 | Volcano  | Paralysed by an orc sorcerer for 5 turns
 18568 | Abyss:2  | Cast into level 2 of the Abyss (an occultist)
 18651 | Abyss:2  | Noticed a starcursed mass
 18656 | Abyss:2  | Noticed a blizzard demon
 18712 | Abyss:2  | Found a corrupted altar of Lugonu.
 18740 | Abyss:2  | HP: 4/98 [metal wall collision (14)]
 18751 | Abyss:2  | HP: 1/98 [starcursed mass/accursed screaming (7)]
 18776 | Abyss:2  | Noticed a red draconian scorcher
 18776 | Abyss:2  | Killed from afar by a red draconian scorcher

Illustrated notes

Levels and vault maps discovered:
D:1:      grunt_arrival_crossed_arrows, layout_basic, minmay_strange_pillars
D:2:      layout_basic, uniq_robin, uniq_sigmund
D:3:      layout_rooms, mainiacjoe_overflow_concentric_impassable,
          hangedman_decor_points
D:4:      layout_basic, lemuel_tele_altar, serial_forest,
          infiniplex_forest_clump_cross, infiniplex_forest_straight_3,
          infiniplex_forest_clump_small, infiniplex_forest_clump_medium,
          infiniplex_forest_clump_curved, infiniplex_forest_clump_small,
          infiniplex_forest_clump_large, minmay_misc_feat_plants,
          kennysheep_generic_room_14
D:5:      layout_loops_ring, general_overflow_altar,
          mainiacjoe_sewer_entry_somewhere_in_here_2
D:6:      layout_loops_cross, minmay_temple_entry_hall, serial_shops, shop
D:7:      layout_basic, mainiacjoe_overflow_catch_the_wave,
          nicolae_nh_ransacked_shop
D:8:      layout_rooms, amcnicky_altar_gilded
D:9:      minmay_the_grid_plus [minmay_the_grid_paths,
          minmay_the_grid_spin_star, minmay_the_grid_dragon_b,
          minmay_the_grid_eight, minmay_the_grid_prize_four_corners_diamond_a],
          layout_stronghold, dpeg_lair_monsters, serial_shops, shop_statue,
          enter_bailey_6, minmay_stone_trees_large
Temple:   zaba_magenta_temple
Lair:1:   wander_river, layout_long_grid
Lair:2:   layout_gridlike, minmay_swamp_entry_swarm,
          nicolae_volcano_entry_vermiform, chequers_serial_rivers_micro_b,
          grunt_megastairs_2
Abyss:2:  base: D:2, hangedman_abyss_shoalhut,
          guppyfry_abyss_exit_glass_guarded, guppyfry_abyss_exit_imp_island,
          hangedman_abyss_or_decor_clamps, guppyfry_abyss_exit_glass_guarded
Volcano:  volcano_bunker

Skill      XL: |  1  2  3  4  5  6  7  8  9 10 11 12 |
---------------+-------------------------------------+-----
Stealth        | 2 |  2.2
Dodging        | 2 3 4 5 6 8 9 |  9.9
Fighting       | 2 3 4 5 6 8 9 10 | 10.4
Necromancy     | 5 6 7 9 10 11 12 | 12.3
Spellcasting   | 3 4 5 6 8 9 |  9.9

Action                     |  1- 3 |  4- 6 |  7- 9 | 10-12 || total
---------------------------+-------+-------+-------+-------++-------
  Melee: Club              |    14 |     5 |       |       ||    19
         Dagger            |       |    15 |     8 |       ||    23
         Short sword       |       |       |   129 |   316 ||   445
         Punch             |       |       |     4 |     6 ||    10
         Tailslap          |       |       |       |    50 ||    50
   Cast: Necrotise         |    71 |    72 |   143 |    65 ||   351
         Vampiric Draining |       |     5 |    68 |   182 ||   255
         Curse of Agony    |       |       |       |     3 ||     3
         Animate Dead      |       |       |       |     1 ||     1
    Use: Scroll            |       |       |     9 |     2 ||    11
         Potion            |       |       |       |     2 ||     2
   Stab: Sleeping          |       |       |     2 |     1 ||     3
 Armour: Robe              |    20 |    39 |   107 |       ||   166
         Acid dragon scale |       |       |    16 |   440 ||   456
  Dodge: Dodged            |    16 |    30 |   104 |   352 ||   502
  Block: Other             |       |       |    23 |   116 ||   139
         Reflection        |       |       |       |     1 ||     1
